Map: 엔디온 잔해

Players

llllllllllll (Scarlett) - Winner!

  • Race: Zerg Zerg
  • League: Grandmaster

llllllllllll

  • Race: Protoss Protoss
  • League: Grandmaster

VOD

Have the link to the VOD?

Description

Time

  • Played on: April 10, 2016, 9:52 a.m.
  • Length: 21:53
Show
View Real Time Build Order
Export as new Build Order

llllllllllll Zerg - Winner!

Build Orders: Pool First 

Get SALT Encoding   

  12  0:00  Drone  
  13  0:09  Drone  
  14  0:17  Overlord  
  14  0:24  Extractor  
  14  0:25  Drone  
  15  0:36  Drone  
  15  0:37  Drone  
  17  0:44  Spawning Pool  
  17  0:48  Drone  
  17  0:55  Drone  
  18  1:01  Extractor  
  17  1:11  Drone  
  18  1:20  Drone  
  18  1:25  Hatchery  
  18  1:30  Zergling x2  
  19  1:36  Queen  
  21  1:40  Drone  
  22  1:49  Overlord  
  22  2:02  Metabolic Boost  
  22  2:13  Drone  
  23  2:20  Hatchery  
  22  2:25  Drone x2  
  24  2:39  Drone x2  
  24  2:41  Queen  
  28  2:45  Drone  
  29  2:55  Drone x2  
  31  3:00  Drone, Queen  
  34  3:06  Overlord  
  34  3:08  Zergling x2  
  34  3:11  Zergling x2  
  35  3:15  Zergling x2  
  36  3:23  Overlord  
  37  3:27  Zergling x2  
  37  3:34  Zergling x6  
  37  3:55  Drone  
  37  3:56  Drone x6  
  37  4:00  Drone x2  
  37  4:02  Drone  
  46  4:09  Drone x2  
  48  4:13  Drone x3  
  50  4:24  Drone x2  
  50  4:27  Baneling Nest  
  50  4:31  Drone x5  
  54  4:33  Drone  
  54  4:34  Drone  
  54  4:35  Extractor  
  54  4:36  Overlord x2  
  54  4:37  Extractor  
  56  4:43  Evolution Chamber  
  56  4:44  Queen  
  56  4:45  Drone  
  57  4:55  Overlord  
  57  4:56  Drone  
  57  4:57  Drone x5  
  63  5:02  Overlord  
  63  5:03  Drone  
  63  5:04  Lair  
  64  5:09  Drone x2  
  64  5:11  Zerg Melee Weapons Level 1  
  64  5:13  Overlord  
  66  5:14  Zergling x2  
  66  5:15  Zergling x2  
  68  5:21  Zergling x2  
  68  5:22  Zergling x8  
  68  5:27  Drone  
  68  5:28  Zergling x6, Extractor  
  76  5:34  Zergling x10  
  81  5:39  Baneling  
  81  5:40  Baneling x9  
  81  5:42  Zergling x4  
  83  5:49  Zergling x8  
  87  5:55  Zergling x6  
  90  5:57  Zergling x6  
  88  6:15  Drone  
  88  6:16  Drone x7  
  93  6:23  Drone x2  
  93  6:25  Hydralisk Den  
  94  6:26  Drone x3  
  94  6:27  Overlord  
  97  6:38  Drone  
  97  6:39  Overlord x2  
  98  6:46  Drone, Overlord  
  97  6:47  Infestation Pit  
  97  6:48  Centrifical Hooks  
  96  6:58  Zergling x4  
  96  6:59  Zergling x6, Baneling  
  96  7:00  Baneling x12  
  99  7:02  Hydralisk, Muscular Augments  
  99  7:05  Extractor  
  99  7:06  Extractor  
  99  7:11  Drone x3  
  99  7:12  Drone x5  
  106  7:25  Zergling x12  
  106  7:28  Hatchery  
  92  7:38  Zergling x2  
  92  7:39  Zergling x8  
  88  7:48  Zergling x2  
  88  7:49  Zergling x8  
  93  7:51  Baneling x2  
  93  7:52  Hydralisk, Baneling x7  
  93  7:53  Hydralisk x2  
  93  7:54  Queen x2  
  93  7:56  Zergling x6  
  108  8:04  Zerg Melee Weapons Level 2  
  97  8:17  Drone x3  
  97  8:18  Drone x3  
  98  8:23  Hive  
  98  8:25  Spire  
  95  8:31  Overseer  
  95  8:39  Drone x2  
  95  8:40  Drone x4  
  101  8:42  Hydralisk  
  101  8:43  Hydralisk x2  
  101  8:45  Spine Crawler  
  101  8:46  Spore Crawler  
  101  8:48  Spine Crawler, Spore Crawler  
  104  8:49  Hydralisk  
  103  9:07  Hydralisk  
  103  9:08  Hydralisk x2, Zergling x2  
  103  9:09  Zergling x16  
  118  9:15  Baneling x7  
  103  9:40  Greater Spire  
  101  9:47  Drone  
  101  9:48  Drone x10, Overlord x4  
  101  9:49  Overlord x2  
  101  9:51  Corruptor  
  114  9:54  Queen  
  117  10:00  Corruptor x2  
  117  10:04  Queen  
  121  10:19  Corruptor x5  
  131  10:29  Zerg Melee Weapons Level 3  
  131  10:35  Extractor  
  130  10:37  Spore Crawler, Extractor  
  130  10:38  Spine Crawler, Drone  
  130  10:39  Drone x5, Spine Crawler  
  130  10:42  Adrenal Glands  
  130  11:05  Brood Lord x3, Zergling x16  
  130  11:06  Zergling x10  
  130  11:10  Brood Lord  
  149  11:18  Brood Lord  
  145  11:25  Zergling x18  
  102  12:14  Hatchery  
  101  12:25  Zergling x24  
  113  12:35  Queen  
  115  12:44  Brood Lord, Overlord x3, Hatchery  
  118  12:45  Brood Lord  
  118  12:49  Viper  
  121  12:59  Overlord x2  
  121  13:00  Overlord  
  121  13:03  Overseer  
  121  13:15  Viper x2  
  127  13:21  Corruptor  
  129  13:32  Spire  
  126  13:34  Spore Crawler  
  126  13:37  Spine Crawler  
  126  13:39  Drone x4  
  126  13:47  Hydralisk x2  
  130  14:08  Hydralisk x6  
  142  14:16  Hydralisk x2  
  146  14:30  Hydralisk x4  
  154  14:32  Baneling  
  140  14:58  Overlord x2, Greater Spire  
  140  14:59  Drone  
  134  15:00  Drone x6  
  134  15:01  Zerg Missile Weapons Level 1  
  128  15:14  Drone x4  
  128  15:15  Drone x9  
  128  15:17  Extractor x2  
  133  15:31  Zergling x14  
  138  15:49  Viper x4  
  142  16:18  Hatchery  
  141  16:29  Hatchery  
  137  16:57  Corruptor  
  137  16:58  Corruptor x4  
  137  17:00  Zergling x2  
  137  17:01  Zergling x6  
  151  17:17  Brood Lord  
  150  17:25  Zergling x12  
  155  17:39  Drone x3  
  125  17:54  Zergling x12  
  102  18:04  Zergling x6  
  91  18:11  Brood Lord x5  
  85  18:21  Zergling x10  
  86  18:27  Drone x2  
  86  18:28  Drone  
  86  18:32  Zergling x6  
  87  19:23  Zergling x2, Hatchery  
  87  19:24  Zergling x4  
  85  19:41  Hatchery  
  84  20:13  Zergling x2  
  84  20:14  Zergling x8  
  69  21:04  Drone x7  
  74  21:40  Drone x2, Extractor  
  74  21:41  Drone  
  74  21:42  Extractor  
Show
View Real Time Build Order
Export as new Build Order

llllllllllll Protoss 

Build Orders: Nexus First, Mass Adepts 

Get SALT Encoding   

  12  0:00  Probe (Chrono Boost)  
  13  0:11  Probe (Chrono Boost)  
  14  0:17  Pylon  
  14  0:22  Probe (Chrono Boost)  
  15  0:36  Probe (Chrono Boost)  
  16  0:46  Probe (Chrono Boost)  
  17  0:59  Nexus  
  17  1:06  Pylon  
  17  1:16  Gateway  
  17  1:19  Probe (Chrono Boost)  
  18  1:27  Assimilator  
  18  1:30  Probe (Chrono Boost)  
  19  1:33  Assimilator  
  19  1:40  Probe (Chrono Boost)  
  19  1:46  Gateway  
  20  1:51  Probe (Chrono Boost)  
  22  2:01  Probe (Chrono Boost)  
  22  2:03  Cybernetics Core  
  22  2:11  Probe (Chrono Boost)  
  22  2:12  Probe (Chrono Boost)  
  24  2:16  Pylon  
  24  2:22  Probe x2 (Chrono Boost)  
  26  2:32  Probe x2 (Chrono Boost)  
  27  2:41  Mothership Core  
  27  2:43  Probe, Adept (Chrono Boost)  
  32  2:50  Adept (Chrono Boost)  
  34  2:51  Warp Gate (Chrono Boost)  
  34  2:55  Probe  
  35  3:01  Probe  
  36  3:07  Probe  
  37  3:13  Probe  
  37  3:15  Adept x2 (Chrono Boost)  
  37  3:19  Probe  
  43  3:24  Pylon  
  43  3:25  Probe  
  44  3:30  Probe  
  45  3:37  Probe  
  45  3:41  Probe  
  46  3:46  Adept x2  
  51  3:49  Probe  
  51  3:51  Probe  
  51  3:59  Pylon  
  51  4:02  Probe, Gateway  
  50  4:04  Gateway  
  50  4:06  Pylon  
  50  4:13  Adept x2  
  50  4:14  Twilight Council  
  54  4:24  Probe  
  54  4:25  Probe  
  54  4:29  Pylon  
  56  4:36  Probe  
  56  4:37  Probe  
  58  4:46  Probe  
  58  4:50  Probe, Adept  
  58  4:51  Resonating Glaives (Chrono Boost), Adept  
  64  5:00  Nexus  
  64  5:02  Pylon, Adept x2  
  68  5:07  Probe  
  68  5:08  Probe  
  70  5:17  Probe, Assimilator  
  70  5:18  Pylon, Assimilator  
  70  5:20  Probe  
  70  5:21  Adept x2  
  76  5:23  Adept  
  76  5:27  Adept  
  80  5:32  Probe  
  80  5:34  Probe  
  82  5:38  Robotics Facility  
  82  5:42  Forge  
  82  5:43  Probe  
  82  5:46  Probe  
  84  5:53  Probe  
  85  5:58  Probe  
  74  6:05  Adept x3  
  74  6:06  Adept  
  74  6:07  Gateway  
  74  6:09  Gateway  
  72  6:19  Probe x2  
  72  6:20  Probe  
  72  6:21  Gateway  
  72  6:22  Gateway  
  72  6:23  Warp Prism  
  75  6:31  Protoss Ground Weapons Level 1 (Chrono Boost)  
  77  6:36  Adept x2  
  77  6:39  Adept  
  83  6:40  Adept  
  85  6:58  Adept x2  
  85  6:59  Adept  
  85  7:00  Adept  
  93  7:06  Adept  
  95  7:11  Pylon x2  
  95  7:13  Pylon  
  95  7:17  Observer  
  96  7:22  Adept  
  96  7:23  Adept x5  
  108  7:34  Adept x2  
  86  7:42  Immortal  
  76  7:45  Probe  
  76  7:46  Probe x2  
  76  7:48  Charge  
  81  7:54  Adept  
  81  7:55  Probe, Adept x6  
  81  7:56  Adept  
  98  7:58  Probe  
  83  8:13  Protoss Ground Weapons Level 2 (Chrono Boost)  
  83  8:16  Immortal  
  75  8:24  Robotics Facility, Adept x6  
  75  8:25  Adept x2  
  95  8:34  Templar Archives  
  95  8:35  Pylon  
  95  8:46  Adept x3  
  95  8:47  Adept  
  103  8:52  Immortal (Chrono Boost)  
  103  8:55  Assimilator  
  107  8:58  Assimilator  
  107  9:01  Pylon  
  107  9:02  Pylon  
  107  9:15  Zealot x7  
  107  9:16  Zealot  
  123  9:17  Immortal (Chrono Boost)  
  117  9:37  Warp Prism (Chrono Boost)  
  111  9:45  Zealot x7  
  113  9:49  Zealot  
  113  9:52  Immortal (Chrono Boost)  
  121  10:06  High Templar x3  
  127  10:07  High Templar x2  
  127  10:08  Zealot, High Templar  
  127  10:09  Zealot  
  127  10:10  Archon x2  
  137  10:14  Warp Prism (Chrono Boost)  
  137  10:17  Archon  
  137  10:19  Protoss Ground Weapons Level 3  
  137  10:20  Nexus  
  138  10:22  Pylon  
  139  10:29  Observer (Chrono Boost)  
  139  10:41  Pylon  
  139  10:46  Immortal (Chrono Boost)  
  141  10:58  Immortal (Chrono Boost)  
  141  11:05  High Templar x2  
  141  11:06  Zealot x6  
  141  11:09  Archon  
  157  11:20  Immortal (Chrono Boost)  
  161  11:30  Zealot x3  
  161  11:31  Zealot x3  
  117  12:02  Zealot x6  
  117  12:03  Zealot x2  
  117  12:08  Warp Prism (Chrono Boost), Immortal (Chrono Boost)  
  119  12:20  Blink (Chrono Boost)  
  119  12:22  Nexus  
  117  12:24  Pylon  
  117  12:32  High Templar x5  
  117  12:33  High Templar x3  
  133  12:37  Archon x3  
  133  12:38  Archon  
  133  12:48  Assimilator  
  133  12:53  Assimilator  
  133  13:04  Stalker x4  
  133  13:05  Stalker x3  
  145  13:06  Stalker  
  147  13:27  Zealot x4  
  147  13:28  Zealot  
  139  13:39  High Templar  
  139  13:40  Stalker, High Templar  
  137  13:44  Archon  
  135  13:50  Probe  
  135  13:51  Probe x3  
  135  13:53  High Templar x4  
  147  13:55  Zealot  
  147  14:00  Archon x2  
  149  14:04  Photon Cannon x2  
  149  14:09  Photon Cannon  
  149  14:23  High Templar x2  
  149  14:24  High Templar x2  
  156  14:27  Archon x2  
  156  14:28  Zealot  
  156  14:29  Zealot x2  
  156  14:30  Zealot  
  137  14:58  Zealot  
  137  14:59  Zealot x5  
  145  15:00  Stalker x2  
  131  15:23  Observer x2  
  131  15:24  Stalker x6  
  141  15:29  High Templar  
  141  15:30  High Templar  
  135  15:46  Archon  
  123  15:54  Stalker x4  
  123  15:55  Stalker  
  133  15:58  Stalker  
  135  16:04  Stalker  
  135  16:05  Stalker  
  133  16:32  Stalker x6  
  145  16:35  High Templar x2  
  145  16:39  Archon  
  141  16:58  Stalker x5  
  151  17:04  Stalker  
  149  17:14  Stalker x2  
  149  17:27  Zealot, High Templar x2  
  155  17:31  Archon  
  82  18:01  Zealot x2, High Templar x2  
  82  18:02  Zealot  
  82  18:05  Archon  
  62  18:20  Zealot x2  
  62  18:26  High Templar x2  
  62  18:30  Zealot  
  62  18:31  Archon  
  60  18:47  Zealot x2  
  54  19:07  High Templar  
  54  19:08  High Templar  
  58  19:13  Archon  
  54  19:33  Stalker x3  
  54  19:34  Stalker, Zealot x2  
  62  19:43  Stalker  
  62  19:45  Stalker  
  65  20:01  Stalker x2  
  63  20:10  Stalker x2  
Tags
 
Add a new tag
Caveats
  • Supply blocks, unpowered buildings, or Contaminate may cause inaccurate times.
  • Supply counts are checked every 10 seconds.